 Seeded DCSS version 0.29-a0-870-g2c972031a6 (webtiles) character file.

Game seed: 8897551386731462229 (custom seed)

3853 wilfster70 the Cleaver (level 9, -1/85 HPs)
             Began as a Minotaur Fighter on July 18, 2022.
             Was an Initiate of Ru.
             Slain by Amaemon
             ... wielding a +1 demon whip of venom
              (13 damage)
             ... on level 8 of the Dungeon.
             The game lasted 00:12:07 (7145 turns).

wilfster70 the Cleaver (Minotaur Fighter)           Turns: 7145, Time: 00:12:08

Health: -1/85      AC: 20    Str: 23    XL:     9   Next: 99%
Magic:  8/8        EV:  6    Int:  7    God:    Ru [......]
Gold:   1369       SH:  4    Dex: 10    Spells: 8/8 levels left

rFire   . . .      SeeInvis .   a - +2 broad axe (elec)
rCold   . . .      Faith    .   c - +0 buckler
rNeg    . . .      Spirit   .   k - +0 plate armour
rPois   .          Reflect  .   (helmet restricted)
rElec   .          Harm     .   L - +0 cloak
rCorr   .          Rampage  .   f - +1 pair of gloves
Will    .....                   (no boots)
Stlth   ..........              R - amulet of regeneration
HPRegen 1.04/turn               m - +4 ring of protection
MPRegen 0.11/turn               (no ring)

@: studying Stealth
A: horns 2, disrupted magic 1, retaliatory headbutt
a: Renounce Religion


You were on level 8 of the Dungeon.
You worshipped Ru.
Ru was noncommittal.
You visited 1 branch of the dungeon, and saw 8 of its levels.
You also visited: Ossuary.

You collected 1369 gold pieces.

Inventory:

Hand Weapons
 a - a +2 broad axe of electrocution (weapon)
 C - a +3 war axe
Armour
 c - a +0 buckler (worn)
 f - a +1 pair of gloves (worn)
 k - a +0 plate armour (worn)
 L - a +0 cloak (worn)
Jewellery
 m - a +4 ring of protection (left hand)
 R - an amulet of regeneration (around neck)
Wands
 w - a wand of charming (10)
 y - a wand of roots (2)
 B - a wand of light (10)
 F - a wand of flame (16)
 I - a wand of digging (6)
 O - a wand of mindburst (11)
Scrolls
 b - 5 scrolls of identify {unknown}
 g - a scroll of enchant armour
 h - 3 scrolls of poison {unknown}
 i - 3 scrolls of magic mapping {unknown}
 j - 4 scrolls of noise {unknown}
 l - a scroll of vulnerability {unknown}
 n - 7 scrolls of teleportation {unknown}
 p - a scroll of enchant weapon {unknown}
 q - 3 scrolls of amnesia {unknown}
 r - 6 scrolls of blinking {unknown}
 u - a scroll of brand weapon {unknown}
 x - a scroll of fog {unknown}
 z - a scroll of silence {unknown}
 A - a scroll of torment {unknown}
 K - a scroll of fear {unknown}
 M - a scroll of immolation {unknown}
Potions
 d - a potion of might
 e - 3 potions of curing
 s - 3 potions of mutation {unknown}
 v - 2 potions of flight {unknown}
 D - 4 potions of resistance {unknown}
 E - a potion of invisibility {unknown}
 G - a potion of heal wounds {unknown}
 H - a potion of brilliance {unknown}
 J - a potion of lignification {unknown}
 N - 3 potions of haste {unknown}
 P - a potion of attraction {unknown}
 Q - a potion of magic {unknown}


   Skills:
 + Level 10.1 Fighting
 * Level 13.1 Axes
 - Level 6.9 Armour
 - Level 4.0 Shields


You had 8 spell levels left.
You didn't know any spells.
Your spell library contained the following spells:

 Spells                   Type           Power      Damage    Failure   Level
 Apportation              Tloc           0%         N/A       100%        1
 Necrotise                Necr           0%         1d4       100%        1
 Summon Small Mammal      Summ           0%         N/A       100%        1
 Ensorcelled Hibernation  Hex/Ice        0%         N/A       100%        2
 Passwall                 Tmut/Erth      0%         N/A       100%        2
 Swiftness                Air            0%         N/A       100%        3


Dungeon Overview and Level Annotations

Branches:
Dungeon (8/15)             Temple (0/1) D:7         Ossuary (visited)
   Lair: D:8-11

Altars:
Cheibriados
Fedhas
Gozag
Hepliaklqana
Kikubaaqudgha
Makhleb
Ru
Trog
Xom
Yredelemnul
The Shining One

Portals:
Bailey: D:8

Annotations:
D:4 2 transporters, gabibbone's ghost, amateur HOMo
D:8 Amaemon


Innate Abilities, Weirdness & Mutations

You have a pair of horns on your head.
Your casting is slightly disrupted.
You reflexively headbutt those who attack you in melee.


Message History

Amaemon claws you but does no damage.
Amaemon tail-slaps you but does no damage.
You feel better.
Amaemon hits you with a +1 demon whip of venom!
* * * LOW HITPOINT WARNING * * *
You are poisoned.
Amaemon claws you but does no damage.
Amaemon tail-slaps you but does no damage.
You feel better. Amaemon barely misses you. Amaemon completely misses you.
Amaemon tail-slaps you but does no damage.
You barely miss Amaemon.
Amaemon is heavily wounded.
Amaemon hits you with a +1 demon whip of venom!
* * * LOW HITPOINT WARNING * * *
You are lethally poisoned!
Amaemon barely misses you. You block Amaemon's attack.
You feel better. Amaemon barely misses you. Amaemon closely misses you.
Amaemon tail-slaps you but does no damage.
You miss Amaemon.
Amaemon is heavily wounded.
Your attacks no longer feel as feeble.
Amaemon hits you but does no damage.
You are poisoned.
Amaemon barely misses you.
Amaemon splashes around in the water.
You slash Amaemon! Your headbutt misses Amaemon.
Amaemon is severely wounded.
You feel very sick. Amaemon closely misses you. You furiously retaliate!
You headbutt Amaemon.
Amaemon splashes around in the water.
Amaemon tail-slaps you but does no damage.
You closely miss Amaemon. You headbutt Amaemon.
Amaemon is severely wounded.
You feel sick. Amaemon hits you but does no damage.
You are more poisoned.
Amaemon claws you!
* * * LOW HITPOINT WARNING * * *
You block Amaemon's attack.
You feel better.
Amaemon hits you with a +1 demon whip of venom!
You die...

### ##...## ...#...
##.#>..## #.......#
#.≈≈≈≈≈.#.#.... .>
##.≈...≈.#.#.......
#.@6[∩.≈.........#
#..≈.>.≈...#..#.#
#..≈≈≈≈≈........#
#.((..)....#..#.#
#.#(..#.#..#...#
#....##.......# .
####......##.## #.
##########.###.#
##.#.#


You could see Amaemon.

Vanquished Creatures
  Pikel (D:5)
  The ghost of MisterFreud the Cruncher, a novice MiGl of Hepliaklqana (D:7)
  An orange demon (D:8)
  Menkaure (D:7)
  A sky beast (D:7)
  2 black bears
  2 ogres
  3 ice beasts (D:6)
  A phantom (D:6)
  A centaur (D:6)
  A lemure (D:5)
  An elf zombie (Ossuary)
  Blork the orc (D:5)
  3 kobold brigands
  A bullfrog (D:7)
  2 scorpions
  A necrophage (D:7)
  5 wights (D:7)
  3 centaur zombies (Ossuary)
  3 hounds (D:5)
  4 orc priests
  Crazy Yiuf (D:6)
  2 human zombies (Ossuary)
  2 iguanas
  4 orc wizards
  2 killer bee zombies (D:7)
  2 mummies (Ossuary)
  7 gnolls (D:3)
  12 adders
  A shadow imp (D:7)
  2 white imps (D:5)
  An adder zombie (Ossuary)
  3 worms
  2 dart slugs
  33 orcs
  8 ball pythons
  4 bats
  10 endoplasms
  4 giant cockroaches
  7 goblins
  6 hobgoblins
  4 jackals (D:1)
  25 kobolds
  7 frilled lizards
  3 goblin zombies (Ossuary)
  7 hobgoblin zombies (Ossuary)
  8 kobold zombies (Ossuary)
  10 orc zombies (Ossuary)
  A rat (D:3)
  A rat zombie (Ossuary)
  4 bushes (D:1)
222 creatures vanquished.

Vanquished Creatures (others)
  2 fungi (D:2)
  2 plants (D:2)
4 creatures vanquished.

Grand Total: 226 creatures vanquished

Notes
Turn   | Place    | Note
-------+----------+-------------------------------------------
     0 | D:1      | wilfster70 the Minotaur Fighter began the quest for the
                  | Orb.
     0 | D:1      | Reached XP level 1. HP: 19/19 MP: 0/0
   203 | D:1      | Identified a scroll of acquirement
   203 | D:1      | Acquired 798 gold pieces
   228 | D:1      | Reached XP level 2. HP: 27/27 MP: 1/1
   414 | D:1      | Acquired a manual of Stealth
   961 | D:2      | Reached skill level 3 in Axes
  1030 | D:2      | Reached XP level 3. HP: 26/33 MP: 2/2
  1211 | D:2      | Found a faded altar of an unknown god.
  1862 | D:2      | Reached XP level 4. HP: 33/41 MP: 3/3
  1869 | D:2      | Reached skill level 4 in Axes
  2422 | D:3      | Reached XP level 5. HP: 45/47 MP: 4/4
  2695 | D:3      | Found a shimmering altar of Xom.
  2759 | D:3      | Found a bloodstained altar of Trog.
  2767 | D:3      | Reached skill level 5 in Axes
  2907 | D:3      | Reached skill level 5 in Fighting
  2907 | D:3      | Reached skill level 5 in Armour
  2911 | D:3      | Reached XP level 6. HP: 54/56 MP: 5/5
  3539 | D:4      | Found a blossoming altar of Fedhas.
  3539 | D:4      | Found a snail-covered altar of Cheibriados.
  3651 | D:4      | Found a burning altar of Makhleb.
  3751 | D:4      | Found an ancient bone altar of Kikubaaqudgha.
  3755 | D:4      | Found a hazy altar of Hepliaklqana.
  3782 | D:4      | Found an opulent altar of Gozag.
  3844 | D:4      | Found a transporter.
  3853 | D:4      | Noticed gabibbone's ghost (amateur HOMo)
  3854 | D:4      | Found a transporter.
  3907 | D:5      | Entered Level 5 of the Dungeon
  3916 | D:5      | Reached skill level 6 in Axes
  4021 | D:5      | Reached XP level 7. HP: 62/62 MP: 6/6
  4065 | D:5      | Reached skill level 7 in Axes
  4170 | D:5      | Noticed Pikel
  4183 | D:5      | Killed Pikel
  4184 | D:5      | Reached skill level 8 in Axes
  4184 | D:5      | Reached XP level 8. HP: 50/71 MP: 7/7
  4545 | D:5      | Noticed Blork the orc
  4549 | D:5      | Killed Blork the orc
  4800 | D:6      | Reached skill level 9 in Axes
  5088 | D:6      | Found a runed translucent door.
  5089 | D:6      | Noticed Crazy Yiuf
  5093 | D:6      | Killed Crazy Yiuf
  5167 | D:6      | Found a sacrificial altar of Ru.
  5201 | D:6      | Reached skill level 10 in Axes
  5297 | D:6      | Became a worshipper of Ru the Awakened
  5353 | D:6      | Reached XP level 9. HP: 71/81 MP: 8/8
  5568 | D:6      | Found a glowing golden altar of the Shining One.
  5908 | D:7      | Reached skill level 11 in Axes
  5938 | D:7      | Found a staircase to the Ecumenical Temple.
  5960 | D:7      | Noticed Menkaure
  5963 | D:7      | Found a sand-covered staircase.
  5966 | D:7      | Killed Menkaure
  5980 | Ossuary  | Entered an ossuary
  6244 | D:7      | Gained mutation: Your casting is slightly disrupted. [Ru
                  | sacrifice]
  6349 | D:7      | Reached skill level 12 in Axes
  6656 | D:7      | Found a runed translucent gate.
  6656 | D:7      | Found a runed translucent gate.
  6656 | D:7      | Found a runed translucent gate.
  6656 | D:7      | Noticed MisterFreud's ghost (novice MiGl)
  6658 | D:7      | Found a basalt altar of Yredelemnul.
  6680 | D:7      | Killed MisterFreud's ghost
  7091 | D:8      | Found a flagged portal.
  7094 | D:8      | Noticed an orange demon
  7094 | D:8      | Noticed Amaemon
  7117 | D:8      | Killed an orange demon
  7118 | D:8      | Reached skill level 10 in Fighting
  7118 | D:8      | Reached skill level 13 in Axes
  7136 | D:8      | HP: 4/85 [Amaemon/+1 demon whip of venom (3)]
  7145 | D:8      | Slain by Amaemon

Illustrated notes

Levels and vault maps discovered:
D:1:      lemuel_arrival_behind_the_door_large, layout_basic, minivault_24,
          dreamdust_wishing_well, moated_statue, minmay_hedge_maze
D:2:      layout_basic, dreamdust_ecumenical_altar_grove, eino_tiny_chamber,
          minmay_joined_circles
D:3:      layout_loops_ring, bloody_trog, mainiacjoe_overflow_tiny_flanked,
          minmay_fractal_squares_gapless_5
D:4:      layout_basic, bloody_makhleb, lemuel_crystal_altar,
          gammafunk_temple_overflow_pools, grunt_temple_overflow_open,
          gammafunk_ghost_mausoleum
D:5:      layout_cave_pools, minmay_misc_feat_x, uniq_blork_the_orc, uniq_pikel
D:6:      layout_basic, mainiacjoe_overflow_catch_the_wave,
          minmay_misc_feat_pillars, minivault_24, uniq_crazy_yiuf_cottage
D:7:      layout_rooms, nicolae_yredelemnul_ghost_church,
          minmay_temple_entry_ruins, chequers_ossuary_entry_cave,
          corexii_corridor_pit, uniq_menkaure
D:8:      layout_loops_cross, enter_bailey_5, uniq_amaemon

Skill      XL: |  1  2  3  4  5  6  7  8  9 |
---------------+----------------------------+-----
Fighting       | 4 5 6 8 10 | 10.1
Armour         | 4 5 6 |  6.9
Shields        | 4 |  4.0
Axes           | 3 4 5 6 8 10 13 | 13.1

Action                   |  1- 3 |  4- 6 |  7- 9 || total
-------------------------+-------+-------+-------++-------
Melee: War axe           |   252 |   126 |    16 ||   394
       Headbutt          |    69 |    25 |    32 ||   126
       Broad axe         |       |       |   213 ||   213
Invok: Sacrifice Essence |       |       |     1 ||     1
  Use: Scroll            |     2 |       |     1 ||     3
       Potion            |       |       |     6 ||     6
Armor: Scale mail        |    36 |       |       ||    36
       Plate armour      |    50 |    57 |   173 ||   280
Dodge: Dodged            |    49 |    67 |    72 ||   188
Block: Buckler           |    21 |    29 |    46 ||    96

Table legend: (Time is in decaauts)
 A = Elapsed time spent in this place.
 B = Non-inter-level travel time spent in this place.
 C = Inter-level travel time spent in this place.
 D = Time resting spent in this place.
 E = Time spent auto-exploring this place.
 F = Levels seen in this place.
 G = Mean time per level.
                   A        B        C        D        E       F      G
               +--------+--------+--------+--------+--------+-----+--------+
         Total |   7307 |   7080 |    227 |   1026 |   3807 |   9 |  811.9 |
       Dungeon |   7076 |   6849 |    227 |   1026 |   3705 |   8 |  884.5 |
       Ossuary |    230 |    230 |      0 |      0 |    102 |   1 |  230.0 |
               +--------+--------+--------+--------+--------+-----+--------+

Top non-repeatable levels by time:
     D:2: 1311 daAuts
     D:6: 1163 daAuts
     D:3: 992 daAuts
     D:1: 989 daAuts
     D:7: 947 daAuts
     D:4: 840 daAuts
     D:5: 738 daAuts
 Ossuary: 230 daAuts
     D:8: 94 daAuts
